 Dungeon Crawl Stone Soup version 0.28-a0-1152-g9c71ebef14 (webtiles) character file.

Game seed: 2725775855405914702

290 SensoryNuts the Cudgeller (level 6, -1/59 HPs)
             Began as a Troll Fighter on Dec 14, 2021.
             Slain by a bullfrog (6 damage)
             ... in a sewer.
             The game lasted 00:04:45 (2874 turns).

SensoryNuts the Cudgeller (Troll Fighter)           Turns: 2874, Time: 00:04:45

Health: -1/59      AC:  4    Str: 27    XL:     6   Next: 9%
Magic:  5/5        EV:  8    Int:  4    God:
Gold:   43         SH:  7    Dex:  9    Spells: 5/5 levels left

rFire   . . .      SeeInvis .   a - +1 flail
rCold   . . .      Faith    .   c - +0 kite shield
rNeg    . . .      Spirit   .   b - +0 robe
rPois   .          Reflect  .   (helmet restricted)
rElec   .          Harm     .   (no cloak)
rCorr   .          Rampage  .   (gloves unavailable)
Will    .....                   (boots unavailable)
Stlth   +.........              (no amulet)
HPRegen 0.99/turn               (no ring)
MPRegen 0.09/turn               (no ring)

@: very slow
A: large, unfitting armour, claws 3, regeneration 1, shaggy fur 1, tough skin 1
a: no special abilities


You were in a sewer.
You visited 1 branch of the dungeon, and saw 3 of its levels.
You also visited: Sewer.

You collected 43 gold pieces.

Inventory:

Hand Weapons
 a - a +1 flail (weapon)
Armour
 b - a +0 robe (worn)
 c - a +0 kite shield (worn)
Scrolls
 d - a scroll of teleportation
Potions
 f - 2 potions of ambrosia


   Skills:
 + Level 2.9 Fighting
 + Level 3.9 Maces & Flails
 + Level 3.3 Dodging
 + Level 3.7 Shields


You had 5 spell levels left.
You didn't know any spells.
Your spell library contained the following spells:

 Spells                   Type           Power      Damage    Failure   Level
 Fireball                 Conj/Fire      0%         3d3       100%        5
 Iskenderun's Battlesphe  Conj           0%         2d6       100%        5
 Conjure Ball Lightning   Conj/Air       0%         3x3d6     100%        6
 Orb of Destruction       Conj           0%         N/A       100%        7


Dungeon Overview and Level Annotations

Branches:
Dungeon (3/15)              Sewer (1/1)

Altars:

Shops:
D:2 (


Innate Abilities, Weirdness & Mutations

You are too large for most types of armour.
You have claws for hands.
Your natural rate of healing is unusually fast.
You are covered in fur. (AC +1)
You have tough skin. (AC +1)


Message History

The bullfrog is severely wounded.
The bullfrog hits you but does no damage.
The giant cockroach bites you but does no damage.
The bullfrog hits you.
* * * LOW HITPOINT WARNING * * *
The giant cockroach bites you but does no damage.
You barely miss the bullfrog.
The bullfrog is severely wounded.
The bullfrog closely misses you. You block the giant cockroach's attack.
The bullfrog hits you.
* * * LOW HITPOINT WARNING * * *
You hit the bullfrog.
The bullfrog is almost dead.
You block the bullfrog's attack.
The giant cockroach splashes around in the water.
The bullfrog barely misses you.
The giant cockroach splashes around in the water.
You sock the bullfrog!
You kill the bullfrog!
The giant cockroach barely misses you. You block the giant cockroach's attack.
You have reached level 6!
You feel stronger.
You closely miss the bullfrog. The bullfrog hits you.
* * * LOW HITPOINT WARNING * * *
The ball python closely misses you. You block the bullfrog's attack.
You block the giant cockroach's attack.
The ball python bites you but does no damage.
You thump the bullfrog!
The bullfrog is heavily wounded.
You block the bullfrog's attack. The giant cockroach barely misses you.
You block the ball python's attack. The bullfrog hits you.
* * * LOW HITPOINT WARNING * * *
The giant cockroach bites you but does no damage.
The ball python bites you.
* * * LOW HITPOINT WARNING * * *
The bullfrog barely misses you. The ball python barely misses you.
You enter the shallow water.
Moving in this stuff is going to be slow.
The ball python barely misses you. The bullfrog hits you.
You die...

#############
#####.≈≈.≈≈.≈≈.≈#
###.∩..≈≈≈≈≈.≈≈≈≈≈#
##≈...≈#########.≈†#
#∩†≈####.≈≈≈≈≈≈≈≈≈≈####
#####≈.†.#####≈≈≈≈≈#.≈##
##≈≈≈≈.≈≈#≈∩.#######≈≈≈####
##≈≈≈≈≈####≈≈≈†.@F.#≈≈≈≈≈≈≈##
#≈≈≈.###..≈≈≈≈≈≈.SB##≈≈#..≈≈##
≈≈≈≈##≈≈≈≈†#######Sl#†≈##≈..≈#
.≈.##≈≈.≈### #≈B##≈≈##.≈≈##
≈≈≈#≈≈.≈##
≈≈≈≈≈.≈r≈≈#≈.≈#≈.≈.# ≈≈##≈≈.##
.≈≈≈≈≈..≈≈#≈≈≈##≈≈≈## ≈≈#≈≈..#
F≈≈≈≈.≈≈≈.#≈≈≈≈#≈≈..# .≈#≈≈≈≈#
≈≈≈.?/...≈#≈≈≈≈#.≈.∩# ≈≈#.≈≈≈#
≈≈.)|$.≈≈≈#≈≈≈≈#≈.≈.#


You could see a bullfrog, 2 giant cockroaches, 2 ball pythons and a frilled
lizard.

Vanquished Creatures
  A bullfrog (Sewer)
  Terence (D:2)
  7 adders
  A worm (D:2)
  4 dart slugs
  2 orcs
  12 ball pythons
  15 endoplasms
  7 giant cockroaches
  6 goblins
  3 hobgoblins
  12 jackals
  19 quokkas
  6 bats
  11 frilled lizards
  A kobold (D:1)
  9 rats
117 creatures vanquished.

Vanquished Creatures (others)
  A fungus (D:1)
1 creature vanquished.

Grand Total: 118 creatures vanquished

Notes
Turn   | Place    | Note
-------+----------+-------------------------------------------
     0 | D:1      | SensoryNuts the Troll Fighter began the quest for the Orb.
     0 | D:1      | Reached XP level 1. HP: 22/22 MP: 0/0
   117 | D:1      | Found a faded altar of an unknown god.
   514 | D:1      | Reached XP level 2. HP: 27/29 MP: 1/1
   989 | D:2      | Found Archeodio's Antique Weapon Shop.
  1012 | D:2      | Reached XP level 3. HP: 22/36 MP: 2/2
  1295 | D:2      | Noticed Terence
  1306 | D:2      | Killed Terence
  1307 | D:2      | Reached XP level 4. HP: 39/44 MP: 3/3
  2405 | D:3      | Found a glowing drain.
  2429 | Sewer    | Entered a sewer
  2460 | Sewer    | Reached XP level 5. HP: 52/52 MP: 4/4
  2871 | Sewer    | Reached XP level 6. HP: 11/59 MP: 5/5
  2872 | Sewer    | HP: 2/59 [ball python (2)]
  2874 | Sewer    | Slain by a bullfrog

Illustrated notes

Levels and vault maps discovered:
D:1:      elethiomel_arrival_maze, layout_basic, shapermc_ecumenical_altar_gd
D:2:      layout_basic, serial_shops, nicolae_shop_trees, kennysheep_doodads,
          uniq_terence
D:3:      layout_rooms, portal_sewer_entry_f
Sewer:    sewer_frog_island_02

Skill      XL: |  1  2  3  4 |
---------------+-------------+-----
Maces & Flails | 2 3 |  3.9
Dodging        | 3 |  3.3
Shields        | 3 |  3.7
Fighting       | |  2.9

Action                   |  1- 3 |  4- 6 || total
-------------------------+-------+-------++-------
Melee: Flail             |   139 |   279 ||   418
  Use: Potion            |     1 |     2 ||     3
       Scroll            |       |     3 ||     3
Armor: Robe              |   104 |   180 ||   284
Dodge: Dodged            |    93 |   180 ||   273
Block: Kite shield       |    88 |   191 ||   279

Table legend: (Time is in decaauts)
 A = Elapsed time spent in this place.
 B = Non-inter-level travel time spent in this place.
 C = Inter-level travel time spent in this place.
 D = Time resting spent in this place.
 E = Time spent auto-exploring this place.
 F = Levels seen in this place.
 G = Mean time per level.
                   A        B        C        D        E       F      G
               +--------+--------+--------+--------+--------+-----+--------+
         Total |   3150 |   3131 |     19 |    623 |   1508 |   4 |  787.5 |
       Dungeon |   2547 |   2528 |     19 |    623 |   1330 |   3 |  849.0 |
         Sewer |    602 |    602 |      0 |      0 |    178 |   1 |  602.0 |
               +--------+--------+--------+--------+--------+-----+--------+

Top non-repeatable levels by time:
     D:2: 1340 daAuts
     D:1: 1010 daAuts
   Sewer: 602 daAuts
     D:3: 196 daAuts
